 Dungeon Crawl Stone Soup version 0.24-a0-584-g9d6b971ae4 (webtiles) character file.

Game seed: 7614738229601087497, levelgen mode: deterministic

217 BigAxe the Chopper (level 6, 0/48 HPs)
             Began as a Human Berserker on Sept 6, 2019.
             Was a Believer of Trog.
             Slain by Grinder (2 damage)
             ... on level 3 of the Dungeon.
             The game lasted 00:06:05 (1860 turns).

BigAxe the Chopper (Human Berserker)                Turns: 1860, Time: 00:06:06

Health: 0/48       AC:  9    Str: 20    XL:     6   Next: 16%
Magic:  6/6        EV:  8    Int:  7    God:    Trog [**....]
Gold:   107        SH:  0    Dex: 12    Spells: 5/5 levels left

rFire    . . .     SeeInvis .   a - +0 hand axe
rCold    . . .     Gourm    .   (no shield)
rNeg     . . .     Faith    .   e - +0 chain mail
rPois    .         Spirit   .   (no helmet)
rElec    .         Reflect  .   (no cloak)
rCorr    .         Harm     .   (no gloves)
MR       .....                  (no boots)
Stlth    ..........             (no amulet)
HPRegen  0.16/turn              h - ring of stealth
MPRegen  0.10/turn              (no ring)

@: berserk cooldown, slowed, very slow
A: no striking features
a: Berserk, Trog's Hand, Renounce Religion


You were on level 3 of the Dungeon.
You worshipped Trog.
Trog was pleased with you.
You were very hungry.

You visited 1 branch of the dungeon, and saw 3 of its levels.

You collected 107 gold pieces.

Inventory:

Hand Weapons
 a - a +0 hand axe (weapon)
Armour
 b - a +1 animal skin
 e - a +0 chain mail (worn)
Jewellery
 h - a ring of stealth (left hand)
Scrolls
 d - a scroll of noise {unknown}
 f - a scroll of random uselessness {unknown}
 i - a scroll of teleportation
Potions
 g - 2 potions of flight
Comestibles
 c - 4 rations


   Skills:
 + Level 3.9 Fighting
 + Level 4.8 Axes
 + Level 2.9 Armour
 + Level 3.0 Dodging


You had 5 spell levels left.
You didn't know any spells.
Your spell library was empty.

Dungeon Overview and Level Annotations

Branches:
Dungeon (3/15)

Altars:
Cheibriados
Dithmenos
Sif Muna

Annotations:
D:3 Grinder


Message History

* * * LOW HITPOINT WARNING * * *
Grinder gestures at you.
You suddenly lose the ability to move!
Grinder hits you but does no damage.
You can move again.
You hit Grinder.
Grinder is heavily wounded.
Grinder blinks!
Grinder gestures at you. You resist with significant effort.
You barely miss Grinder.
Grinder is heavily wounded.
Grinder hits you!
* * * LOW HITPOINT WARNING * * *
You barely miss Grinder.
Grinder is heavily wounded.
Grinder hits you.
* * * LOW HITPOINT WARNING * * *
You writhe in agony.
You die...

...... #....
# ##.... .#
..... #.###
#...##.....
#........
#....# #.@5.#
.#######..###
.......<.†..#
#########.#.#
#)#... #.#
### #.# ..#
...


You could see Grinder.

Vanquished Creatures
  An ogre (D:3)
  A crimson imp (D:2)
  Jessica (D:2)
  2 adders (D:2)
  4 dart slugs
  A leopard gecko (D:1)
  A giant cockroach (D:1)
  5 goblins
  9 hobgoblins
  7 jackals
  A quokka (D:2)
  A bat (D:1)
  5 frilled lizards
  3 kobolds
  5 rats
  A bush (D:2)
48 creatures vanquished.

Notes
Turn   | Place    | Note
-------+----------+-------------------------------------------
     0 | D:1      | BigAxe the Human Berserker began the quest for the Orb.
     0 | D:1      | Reached XP level 1. HP: 18/18 MP: 1/1
   146 | D:1      | Found a snail-covered altar of Cheibriados.
   185 | D:1      | Reached XP level 2. HP: 18/24 MP: 2/2
   510 | D:1      | Reached XP level 3. HP: 25/29 MP: 3/3
  1080 | D:2      | Reached ** piety under Trog
  1147 | D:2      | Found a shadowy altar of Dithmenos.
  1306 | D:2      | Reached XP level 4. HP: 31/35 MP: 4/4
  1354 | D:2      | Noticed Jessica
  1367 | D:2      | Killed Jessica
  1551 | D:2      | Reached skill level 4 in Axes
  1585 | D:2      | Found a shimmering blue altar of Sif Muna.
  1760 | D:2      | Reached XP level 5. HP: 35/42 MP: 5/5
  1835 | D:3      | Noticed an ogre
  1836 | D:3      | Noticed Grinder
  1847 | D:3      | Killed an ogre
  1847 | D:3      | Reached XP level 6. HP: 34/48 MP: 6/6
  1855 | D:3      | Paralysed by Grinder for 2 turns
  1860 | D:3      | HP: 2/48 [Grinder (3)]
  1860 | D:3      | Slain by Grinder

Levels and vault maps discovered:
D:1:      evilmike_arrival_home_sweet_home, layout_basic,
          minmay_misc_feat_roman, cheibriados_altar_1
D:2:      layout_basic, lemuel_crystal_altar, marbit_many_paths,
          minmay_hedge_maze, uniq_jessica
D:3:      layout_loops_ring, hellmonk_ghost_happy_afterlife, corexii_shack,
          bloody_trog, uniq_grinder

Skill      XL: |  1  2  3  4  5 |
---------------+----------------+-----
Axes           | 4 |  4.8
Dodging        | 3 |  3.0
Fighting       | |  3.9
Armour         | |  2.9

Action                   |  1- 3 |  4- 6 || total
-------------------------+-------+-------++-------
Melee: Hand axe          |    91 |   155 ||   246
Invok: Berserk           |       |     1 ||     1
  Use: Potion            |     1 |     2 ||     3
       Scroll            |     3 |       ||     3
  Eat: Chunk             |     1 |     2 ||     3
Armor: Animal skin       |    15 |       ||    15
       Chain mail        |    25 |    45 ||    70
Dodge: Dodged            |    69 |    33 ||   102

Table legend:
 A = Non-vault XP
 B = Vault XP
 C = Vault XP percentage of total XP
 D = Non-vault monster count
 E = Vault monster count
 F = Vault count percentage of total count
                 A         B        C        D         E       F
            +---------+---------+-------+---------+---------+-------
      Total |     269 |      41 |  13.2 |      45 |       2 |   4.3
            +---------+---------+-------+---------+---------+-------
        D:1 |      43 |       0 |   0.0 |      24 |       0 |   0.0
        D:2 |      99 |      41 |  29.3 |      18 |       2 |  10.0
        D:3 |     127 |       0 |   0.0 |       3 |       0 |   0.0
            +---------+---------+-------+---------+---------+-------
